% Time on Ice - TEXAS TOROS
Lines # - Real PCT - Wanted PCT - Time Play
Normal Forward
1 - 13% - 36% - 6:15
2 - 30% - 31% - 14:49
3 - 30% - 23% - 14:42
4 - 28% - 10% - 13:49
Normal Defense
1 - 34% - 36% - 16:58
2 - 35% - 31% - 17:17
3 - 30% - 23% - 14:43
4 - 1% - 10% - 0:37
PP Forward
1 - 59% - 55% - 3:32
2 - 41% - 45% - 2:25
PP Defense
1 - 59% - 55% - 3:32
2 - 41% - 45% - 2:25
PK Forward
1 - 49% - 55% - 2:12
2 - 51% - 45% - 2:16
PK Defense
1 - 51% - 55% - 2:17
2 - 49% - 45% - 2:11
PK3 Forward
1 - 0% - 55%
2 - 0% - 45%
PK3 Defense
1 - 0% - 55%
2 - 0% - 45%
44 Forward
1 - 0% - 55%
2 - 0% - 45%
44 Defense
1 - 0% - 55%
2 - 0% - 45%
Last Minute Offensive  - 0:00
Last Minute Defensive  - 0:00
Total
Forward - 60:00
Defense - 60:00
% Time on Ice - SAN JOSE BRONCOS
Lines # - Real PCT - Wanted PCT - Time Play
Normal Forward
1 - 35% - 36% - 17:21
2 - 31% - 33% - 15:32
3 - 25% - 25% - 12:10
4 - 9% - 6% - 4:32
Normal Defense
1 - 38% - 40% - 18:58
2 - 34% - 35% - 16:52
3 - 28% - 25% - 13:45
4 - 0% - 0% - 0:00
PP Forward
1 - 57% - 58% - 2:34
2 - 43% - 42% - 1:54
PP Defense
1 - 57% - 58% - 2:34
2 - 43% - 42% - 1:54
PK Forward
1 - 50% - 50% - 3:00
2 - 50% - 50% - 2:57
PK Defense
1 - 44% - 50% - 2:37
2 - 56% - 50% - 3:20
PK3 Forward
1 - 0% - 50%
2 - 0% - 50%
PK3 Defense
1 - 0% - 55%
2 - 0% - 45%
44 Forward
1 - 0% - 50%
2 - 0% - 50%
44 Defense
1 - 0% - 50%
2 - 0% - 50%
Last Minute Offensive  - 0:00
Last Minute Defensive  - 0:00
Total
Forward - 60:00
Defense - 60:00
Play-by-Play 1st period 0:01 of 1st period - Brayden Point wins face-off versus Valtteri Filppula in neutral zone. 0:31 of 1st period - Shot by Oliver Bjorkstrand. 0:31 of 1st period - Shot Misses the Net. 0:36 of 1st period - Shot by Brayden Point. 0:36 of 1st period - Deflect By Elias Lindholm. 0:36 of 1st period - Goal by Elias Lindholm - TEXAS TOROS : 0 - SAN JOSE BRONCOS : 1. 0:37 of 1st period - Evgeni Malkin wins face-off versus Denis Malgin in neutral zone. 0:42 of 1st period - Shot by Claude Giroux. 0:42 of 1st period - Shot Blocked by Dmitry Kulikov. 1:10 of 1st period - Shot by Evgeni Malkin. 1:10 of 1st period - Stopped by Mikko Koskinen without a rebound. 1:11 of 1st period - Nick Bonino wins face-off versus Dale Weise in TEXAS TOROS zone. 1:11 of 1st period - Minor Penalty to Dante Fabbro for Goalie Interference. 1:12 of 1st period - Brock McGinn wins face-off versus Brayden Point in TEXAS TOROS zone. 1:38 of 1st period - Shot by Neal Pionk. 1:38 of 1st period - Shot Blocked by Tyson Barrie. 1:42 of 1st period - Shot by Jaccob Slavin. 1:42 of 1st period - Shot Misses the Net. 1:44 of 1st period - Shot by Neal Pionk. 1:44 of 1st period - Shot Misses the Net. 1:48 of 1st period - Shot by Elias Lindholm. 1:48 of 1st period - Deflect By Brayden Point. 1:48 of 1st period - Stopped by Mikko Koskinen without a rebound. 1:49 of 1st period - Evgeni Malkin wins face-off versus Jake Virtanen in TEXAS TOROS zone. 1:59 of 1st period - Evgeni Malkin is hit by Dmitry Kulikov and loses puck. 2:36 of 1st period - Shot by Evgeni Malkin. 2:36 of 1st period - Shot Blocked by Dmitry Kulikov. 3:07 of 1st period - Icing by Connor Brown. 3:08 of 1st period - Brayden Point wins face-off versus Jake Virtanen in SAN JOSE BRONCOS zone. 3:08 of 1st period - Brayden Point is hit by Jake Virtanen. 3:25 of 1st period - Shot by Craig Smith. 3:25 of 1st period - Shot Blocked by Dante Fabbro. 3:51 of 1st period - Off-side. 3:52 of 1st period - John Quenneville wins face-off versus Oliver Bjorkstrand in neutral zone. 4:06 of 1st period - Shot by Jake Virtanen. 4:06 of 1st period - Shot Blocked by Jaccob Slavin. 4:20 of 1st period - Shot by Elias Lindholm. 4:20 of 1st period - Shot Misses the Net. 4:59 of 1st period - Icing by Jaccob Slavin. 5:00 of 1st period - Valtteri Filppula wins face-off versus Brayden Point in SAN JOSE BRONCOS zone. 6:00 of 1st period - Shot by Brock McGinn. 6:00 of 1st period - Stopped by Jacob Markstrom with a rebound. 6:13 of 1st period - Claude Giroux is hit by Brock McGinn and loses puck. 6:17 of 1st period - Off-side. 6:18 of 1st period - John Quenneville wins face-off versus Nick Bonino in neutral zone. 6:24 of 1st period - Minor Penalty to Jake Virtanen for Hooking. 6:25 of 1st period - Elias Lindholm wins face-off versus Brock McGinn in TEXAS TOROS zone. 6:28 of 1st period - Shot by Neal Pionk. 6:28 of 1st period - Stopped by Mikko Koskinen without a rebound. 6:29 of 1st period - Evgeni Malkin wins face-off versus Valtteri Filppula in TEXAS TOROS zone. 7:16 of 1st period - Brock McGinn is hit by Brayden Point and loses puck. 8:07 of 1st period - Shot by Claude Giroux. 8:07 of 1st period - Stopped by Mikko Koskinen without a rebound. 8:08 of 1st period - Brock McGinn wins face-off versus Evgeni Malkin in TEXAS TOROS zone. 8:08 of 1st period - Brock McGinn is hit by Evgeni Malkin. 8:30 of 1st period - Shot by Nick Bonino. 8:30 of 1st period - Stopped by Mikko Koskinen with a rebound. 9:28 of 1st period - Shot by Charlie Coyle. 9:28 of 1st period - Stopped by Mikko Koskinen without a rebound. 9:29 of 1st period - Evgeni Malkin wins face-off versus Dale Weise in TEXAS TOROS zone. 9:40 of 1st period - Shot by Claude Giroux. 9:40 of 1st period - Shot Misses the Net. 9:45 of 1st period - Icing by Dmitry Kulikov. 9:46 of 1st period - Brayden Point wins face-off versus Dale Weise in TEXAS TOROS zone. 10:24 of 1st period - Shot by Oliver Bjorkstrand. 10:24 of 1st period - Shot Blocked by Dale Weise. 10:32 of 1st period - Oliver Bjorkstrand is hit by Dale Weise. 10:48 of 1st period - Shot by Evgeni Malkin. 10:48 of 1st period - Deflect By Connor Brown. 10:48 of 1st period - Stopped by Mikko Koskinen without a rebound. 10:49 of 1st period - Evgeni Malkin wins face-off versus Denis Malgin in TEXAS TOROS zone. 11:09 of 1st period - Shot by Brock McGinn. 11:09 of 1st period - Shot Misses the Net. 11:11 of 1st period - Shot by Brock McGinn. 11:11 of 1st period - Stopped by Jacob Markstrom with a rebound. 11:13 of 1st period - Shot by Aaron Ekblad. 11:13 of 1st period - Shot Misses the Net. 11:23 of 1st period - Shot by Denis Malgin. 11:23 of 1st period - Shot Blocked by Hampus Lindholm. 11:25 of 1st period - Shot by Aaron Ekblad. 11:25 of 1st period - Shot Misses the Net. 11:29 of 1st period - Shot by Conor Sheary. 11:29 of 1st period - Shot Misses the Net. 12:36 of 1st period - Shot by Nikita Gusev. 12:36 of 1st period - Stopped by Jacob Markstrom without a rebound. 12:37 of 1st period - Valtteri Filppula wins face-off versus Brayden Point in SAN JOSE BRONCOS zone. 13:07 of 1st period - Shot by Elias Lindholm. 13:07 of 1st period - Shot Misses the Net. 13:09 of 1st period - Shot by Oliver Bjorkstrand. 13:09 of 1st period - Stopped by Mikko Koskinen without a rebound. 13:10 of 1st period - Claude Giroux wins face-off versus Denis Malgin in TEXAS TOROS zone. 13:39 of 1st period - Shot by Evgeni Malkin. 13:39 of 1st period - Deflect By Claude Giroux. 13:39 of 1st period - Shot Blocked by Aaron Ekblad. 13:41 of 1st period - Shot by Claude Giroux. 13:41 of 1st period - Shot Misses the Net. 14:12 of 1st period - Icing by Denis Malgin. 14:13 of 1st period - Nick Bonino wins face-off versus Denis Malgin in TEXAS TOROS zone. 15:27 of 1st period - Shot by Valtteri Filppula. 15:27 of 1st period - Shot Misses the Net. 15:29 of 1st period - Shot by Valtteri Filppula. 15:29 of 1st period - Shot Blocked by Jaccob Slavin. 15:48 of 1st period - Shot by Valtteri Filppula. 15:48 of 1st period - Shot Misses the Net. 16:02 of 1st period - Shot by Tyson Barrie. 16:02 of 1st period - Stopped by Jacob Markstrom without a rebound. 16:03 of 1st period - Evgeni Malkin wins face-off versus Valtteri Filppula in SAN JOSE BRONCOS zone. 16:16 of 1st period - Shot by Claude Giroux. 16:16 of 1st period - Deflect By Evgeni Malkin. 16:16 of 1st period - Stopped by Mikko Koskinen without a rebound. 16:17 of 1st period - Nick Bonino wins face-off versus Denis Malgin in